AoeStats
← JamesNewstedd

Arena

509321127Analyzed
3v3 RM · 6d ago on Sep 26, 2026· 61m 31s· 6 players
Game mode
Random Map
Map size
Normal (6 player)
Population
200
Speed
Normal
Resources
Standard
Victory
Conquest
Starting age
Dark Age
Ending age
Imperial Age
RankedLock teamsTeams togetherTeam positionsShared explorationLock speedFull tech treeHidden civsTurbo modeCheats
Victory
Defeat
🇩🇪 Spanish · Germany
1567
+13
🇺🇸 Turks · United States
1500
+16
🇻🇳 Britons · Vietnam
1339
+23
🇩🇪 Teutons · Germany
1584
-21
🇩🇪 Varangians · Germany
1485
-17
🇩🇪 Franks · Germany
1418
-14
Ned Stark's Bastard
8:43 Loom
10:28 Feudal Age
14:47 Castle Age
12:55 Horse Collar
20:40 Pikeman
45:02 Double-Bit Axe
53:31 Heavy Plow
55:11 Wheelbarrow
57:16 Stone Mining
59:00 Hand Cart
59:01 Squires
105er.DarkSheep
10:46 Feudal Age
14:39 Castle Age
12:47 Double-Bit Axe
15:15 Light Cavalry
18:23 Loom
18:54 Loom
22:09 Wheelbarrow
23:30 Fervor
24:02 Bow Saw
27:13 Gold Mining
28:11 Coinage
29:02 Scale Barding Armor
29:29 Forging
30:03 Chain Barding Armor
30:48 Hand Cart
30:28 Town Watch
30:38 Stone Mining
36:00 Imperial Age
34:20 Iron Casting
36:45 Gold Shaft Mining
36:17 Cavalier
38:05 Plate Barding Armor
39:01 Blast Furnace
39:20 Husbandry
38:59 Paladin
41:49 Conscription
42:45 Chivalry
43:54 Chemistry
44:08 Fletching
46:42 Caravan
48:41 Banking
49:10 Fortified Wall
51:52 Ballistics
51:46 Bodkin Arrow
51:50 Ordonnance Companies
52:26 Elite Throwing Axeman
53:45 Hoardings
53:58 Masonry
59:07 Architecture
58:45 Siege Engineers
60:34 Scale Mail Armor
JamesNewstedd
7:59 Feudal Age
8:32 Double-Bit Axe
9:45 Loom
12:55 Horse Collar
14:15 Fletching
17:02 Town Watch
19:56 Wheelbarrow
19:24 Stone Mining
24:29 Castle Age
24:51 Gold Mining
25:14 Bodkin Arrow
25:53 Guard Tower
26:36 Bow Saw
29:12 Heavy Plow
31:57 Ballistics
38:18 Imperial Age
36:47 Scale Mail Armor
36:57 Forging
39:13 Pikeman
39:53 Squires
40:10 Chain Mail Armor
40:30 Iron Casting
40:10 Chain Mail Armor
40:30 Iron Casting
40:03 Halberdier
41:56 Plate Mail Armor
42:13 Hand Cart
43:55 Two-Man Saw
43:24 Arson
44:42 Blast Furnace
44:41 Crop Rotation
44:56 Conscription
46:47 Chemistry
48:31 Siege Engineers
48:48 Caravan
54:31 Ironclad
57:59 Capped Ram
59:11 Sappers
DarkPaladinX
9:57 Feudal Age
14:07 Castle Age
12:25 Double-Bit Axe
12:21 Horse Collar
15:23 Bow Saw
27:26 Scale Barding Armor
27:26 Gold Mining
29:07 Loom
30:03 Heavy Plow
30:06 Stone Mining
30:30 Bloodlines
33:03 Imperial Age
31:11 Chain Barding Armor
32:39 Forging
33:08 Gold Shaft Mining
33:28 Wheelbarrow
33:32 Husbandry
34:36 Hand Cart
34:53 Conscription
35:18 Artillery
36:43 Plate Barding Armor
36:27 Heavy Camel Rider
38:19 Iron Casting
38:57 Bombard Tower
38:20 Treadmill Crane
39:02 Bombard Tower
39:36 Town Watch
41:46 Blast Furnace
42:18 Fletching
44:23 Coinage
49:41 Bodkin Arrow
54:17 Bracer
56:54 Padded Archer Armor
57:41 Heavy Cavalry Archer
58:47 Parthian Tactics
58:35 Thumb Ring
59:48 Leather Archer Armor
60:39 Two-Man Saw
61:13 Caravan
lootingbear
6:06 Loom
8:42 Feudal Age
10:04 Fletching
10:11 Double-Bit Axe
14:33 Forging
23:37 Castle Age
21:46 Horse Collar
23:24 Bloodlines
26:44 Padded Archer Armor
34:03 Wheelbarrow
41:00 Imperial Age
40:00 Husbandry
42:42 Stone Mining
42:43 Gold Mining
47:24 Bow Saw
47:51 Elite Conquistador
52:15 Caravan
52:29 Town Watch
60:36 Iron Casting
60:07 Scale Barding Armor
60:04 Cavalier
62:34 Blast Furnace
gianghodd01
9:41 Feudal Age
7:57 Loom
11:05 Double-Bit Axe
15:48 Horse Collar
17:01 Gold Mining
23:21 Castle Age
33:18 Wheelbarrow
35:44 Hand Cart
39:25 Imperial Age
36:43 Town Watch
40:14 Gold Shaft Mining
39:30 Stone Mining
40:12 Fletching
40:35 Scale Mail Armor
40:37 Squires
40:50 Pikeman
41:36 Bodkin Arrow
42:42 Conscription
42:32 Bracer
43:37 Yeomen
43:40 Forging
43:47 Padded Archer Armor
44:03 Arson
44:49 Chain Mail Armor
45:28 Halberdier
46:57 Plate Mail Armor
46:45 Leather Archer Armor
48:01 Iron Casting
48:55 Town Patrol
52:19 Blast Furnace
51:08 Elite Longbowman
51:50 Warwolf
52:27 Hoardings
53:30 Ring Archer Armor
52:43 Treadmill Crane
53:14 Masonry
58:09 Chemistry
57:29 Ballistics
58:25 Architecture
57:51 Murder Holes
Connection lost

Rejoining the realm…

Still unreachable

The connection could not be restored.

Session expired

The server has moved on; the page needs a fresh start.